AoeStats
← ianxpresso

MegaRandom

510178403Analyzed
4v4 RM · 3d ago on Sep 29, 2026· 51m 29s· 8 players
Game mode
Random Map
Map size
Large (8 player)
Population
200
Speed
Normal
Resources
Standard
Victory
Conquest
Starting age
Dark Age
Ending age
Imperial Age
RankedLock teamsTeams togetherTeam positionsShared explorationLock speedFull tech treeHidden civsTurbo modeCheats
Victory
Defeat
🇺🇸 Byzantines · United States
894
+12
🇺🇸 Inca · United States
804
+16
🇬🇷 Bohemians · Greece
739
+18
🇬🇷 Jurchens · Greece
654
+22
🇪🇸 Teutons · Spain
838
-19
🇷🇺 Khmer · Russia
802
-17
🇺🇸 Spanish · United States
786
-17
🇵🇹 Persians · Portugal
750
-15
ianxpresso
11:04 Feudal Age
11:47 Double-Bit Axe
15:41 Horse Collar
17:42 Loom
21:16 Castle Age
20:32 Wheelbarrow
19:56 Town Watch
20:17 Gold Mining
20:33 Stone Mining
23:17 Stone Shaft Mining
24:43 Bow Saw
27:45 Hand Cart
27:44 Town Patrol
33:35 Heavy Plow
36:07 Imperial Age
35:24 Elite Skirmisher
36:10 Thumb Ring
36:43 Fortified Wall
36:29 Murder Holes
36:45 Masonry
36:26 Guard Tower
36:42 Siphons
36:51 Forging
36:42 Scale Mail Armor
36:32 Fletching
36:42 Padded Archer Armor
36:52 Scale Barding Armor
36:11 Onager
38:15 Elite Conquistador
39:31 Hoardings
40:00 Supremacy
43:07 Chemistry
42:43 Keep
42:30 Ballistics
42:40 Architecture
shprot
10:57 Loom
13:25 Feudal Age
14:29 Horse Collar
14:36 Double-Bit Axe
18:20 Castle Age
20:08 Scale Barding Armor
20:17 Forging
25:07 Husbandry
33:45 Scale Barding Armor
36:05 Scale Mail Armor
36:08 Heavy Plow
39:05 Bloodlines
40:11 Caravan
42:48 Bow Saw
42:56 Tusk Swords
46:36 Imperial Age
44:42 Wheelbarrow
46:43 Imperial Age
44:49 Wheelbarrow
48:07 Conscription
48:08 Elite Ballista Elephant
48:22 Heavy Scorpion
LEG_VII_GEM
3:06 Loom
11:37 Feudal Age
12:21 Double-Bit Axe
20:24 Castle Age
20:17 Horse Collar
21:25 Bow Saw
21:49 Heavy Plow
30:21 Imperial Age
28:27 Wheelbarrow
27:37 Town Watch
28:41 Pikeman
29:38 Hand Cart
29:26 Scale Mail Armor
29:37 Stone Mining
29:37 Gold Mining
30:36 Squires
30:59 Chain Mail Armor
30:55 Forging
32:06 Chemistry
31:42 Crop Rotation
32:09 Fletching
32:19 Padded Archer Armor
32:40 Arson
33:04 Siege Engineers
34:46 Bodkin Arrow
35:21 Plate Mail Armor
35:07 Masonry
35:39 Stone Shaft Mining
38:20 Two-Man Saw
38:19 Ironclad
38:35 Hoardings
38:28 Halberdier
41:05 Elite Teutonic Knight
42:19 Crenellations
43:40 Cavalier
44:31 Bloodlines
46:13 Paladin
48:53 Scale Barding Armor
50:04 Chain Barding Armor
yenepu
0:34 Loom
12:09 Feudal Age
12:36 Double-Bit Axe
12:36 Horse Collar
24:18 Castle Age
22:31 Stone Mining
23:27 Gold Mining
24:23 Wheelbarrow
25:36 Bow Saw
26:00 Heavy Plow
29:21 Fervor
31:22 Husbandry
31:33 Bloodlines
34:24 Imperial Age
33:54 Scale Barding Armor
34:01 Forging
33:51 Murder Holes
34:07 Masonry
34:56 Chain Barding Armor
34:58 Hand Cart
36:14 Gold Shaft Mining
36:27 Stone Shaft Mining
35:56 Cavalier
37:19 Caravan
39:47 Plate Barding Armor
39:53 Iron Casting
40:16 Crop Rotation
40:50 Two-Man Saw
39:42 Heavy Camel Rider
41:31 Chemistry
41:03 Architecture
41:25 Ballistics
42:13 Elite Skirmisher
43:26 Conscription
46:35 Savar
gkalounias
0:31 Loom
10:43 Feudal Age
11:13 Town Watch
12:04 Wheelbarrow
14:46 Double-Bit Axe
23:40 Castle Age
24:37 Horse Collar
25:19 Bow Saw
25:19 Heavy Plow
26:03 Hand Cart
27:19 Town Patrol
34:07 Fortified Wall
34:58 Chemistry
37:54 Imperial Age
39:41 Masonry
39:23 Guard Tower
39:54 Ballistics
44:36 Houfnice
45:26 Fletching
45:36 Padded Archer Armor
45:47 Forging
50:03 Bombard Tower
51:33 Two-Man Saw
ntukis
0:40 Loom
12:37 Feudal Age
22:48 Castle Age
20:39 Double-Bit Axe
20:38 Horse Collar
20:58 Stone Mining
20:59 Gold Mining
25:10 Town Watch
25:39 Bow Saw
28:13 Heavy Plow
32:21 Caravan
37:31 Imperial Age
36:04 Coinage
37:28 Masonry
37:23 Siege Engineers
37:30 Fortified Wall
37:42 Ballistics
37:54 Fletching
38:30 Heavy Rocket Cart
40:20 Chemistry
40:41 Conscription
45:41 Elite Iron Pagoda
50:37 Scale Barding Armor
SHEEP STEALER
10:11 Feudal Age
10:39 Double-Bit Axe
10:47 Gold Mining
11:35 Champi Runner
12:26 Scale Mail Armor
18:56 Castle Age
17:45 Forging
18:38 Horse Collar
19:00 Stone Mining
20:43 Bow Saw
20:43 Pikeman
24:40 Squires
25:53 Crossbowman
26:30 Fletching
28:20 Iron Casting
29:22 Chain Mail Armor
29:42 Bodkin Arrow
32:46 Heavy Plow
37:17 Imperial Age
36:22 Gold Shaft Mining
39:12 Chemistry
38:35 Ballistics
37:38 Arbalester
40:06 Wheelbarrow
39:17 Town Watch
39:18 Loom
39:05 Champi Warrior
41:00 Crop Rotation
39:55 Elite Skirmisher
42:00 Conscription
41:59 Hand Cart
44:04 Bracer
44:06 Padded Archer Armor
45:57 Fabric Shields
47:40 Town Patrol
Phil Mccrack
12:35 Feudal Age
13:04 Double-Bit Axe
13:00 Horse Collar
14:17 Loom
17:29 Castle Age
19:33 Bow Saw
19:25 Heavy Plow
21:29 Wheelbarrow
23:21 Stone Mining
24:14 Gold Mining
26:12 Hand Cart
26:42 Forging
26:40 Scale Barding Armor
30:59 Imperial Age
29:54 Gold Shaft Mining
29:54 Stone Shaft Mining
33:34 Two-Man Saw
33:06 Crop Rotation
32:41 Husbandry
32:02 Cavalier
33:56 Iron Casting
33:41 Chain Barding Armor
33:51 Elite Cataphract
35:56 Chemistry
35:19 Ballistics
34:40 Treadmill Crane
38:43 Plate Barding Armor
38:32 Conscription
39:47 Bombard Tower
39:38 Fortified Wall
39:23 Murder Holes
40:34 Thumb Ring
40:55 Fletching
41:05 Padded Archer Armor
42:30 Capped Ram
42:31 Onager
44:57 Logistica
44:51 Siege Ram
51:03 Bodkin Arrow
51:23 Leather Archer Armor
Connection lost

Rejoining the realm…

Still unreachable

The connection could not be restored.

Session expired

The server has moved on; the page needs a fresh start.